 Dungeon Crawl Stone Soup version 0.17.1-3-g152610e (webtiles) character file.

4680 DanteCalvez the Covert (level 10, -9/73 HPs)
             Began as a Vampire Enchanter on Apr 19, 2016.
             Was a Believer of Sif Muna.
             Mangled by a three-headed hydra (17 damage)
             ... on level 8 of the Dungeon.
             The game lasted 00:22:21 (7872 turns).

DanteCalvez the Covert (Vampire Enchanter)          Turns: 7872, Time: 00:22:21

Health: -9/73      AC:  0    Str:  3    XL:     10   Next: 21%
Magic:  0/19       EV: 20    Int: 20    God:    Sif Muna [**....]
Gold:   264        SH:  0    Dex: 20    Spells: 3 memorised, 15 levels left

rFire  . . .     SeeInvis +     (weapon currently unavailable)
rCold  + . .     Clarity  .     (armour currently unavailable)
rNeg   + + .     SustAt   .     (shield currently unavailable)
rPois  +         Gourm    .     (helmet currently unavailable)
rElec  .         Spirit   .     (cloak currently unavailable)
rCorr  .         Warding  .     (gloves currently unavailable)
rMut   .         Stasis   .     (boots currently unavailable)
MR     +....                    (no amulet)
Stlth  +++++++...               (ring currently unavailable)
                                (ring currently unavailable)

@: bat-form, flying, regenerating slowly, very quick, somewhat resistant to
hostile enchantments, extremely stealthy
A: (fangs 0), see invisible, (unbreathing)
a: End Transformation, Channel Energy, Forget Spell, Renounce Religion


You were on level 8 of the Dungeon.
You worshipped Sif Muna.
Sif Muna was pleased with you.
You were thirsty.
You were in vampire-bat-form.
You visited 2 branches of the dungeon, and saw 9 of its levels.

You collected 360 gold pieces.
You spent 96 gold pieces at shops.


Innate Abilities, Weirdness & Mutations

You heal slowly.
((You have razor-sharp teeth.))
You have supernaturally acute eyesight.
((You can survive without breathing.))


   Skills:
 + Level 4.5 Fighting
 + Level 5.5 Short Blades
 - Level 2.1 Dodging
 + Level 13.0 Stealth
 - Level 6.0 Spellcasting
 + Level 12.1 Hexes


You had 15 spell levels left.
You knew the following spells:

 Your Spells              Type           Power        Failure   Level  Hunger
a - Corona                Hex            ######.      1%          1    None
c - Confuse               Hex            ######..     1%          3    ##.....
s - Ensorcelled Hibernat  Hex/Ice        ####..       1%          2    None

Inventory:

Hand Weapons
 a - a +1 dagger (melded)
 E - a +2 long sword of electrocution
Missiles
 x - 10 poisoned needles
Armour
 d - a +0 pair of gloves (melded)
 p - a +0 helmet (melded)
 A - a +0 pair of boots (melded)
 F - a +2 robe of magic resistance (melded)
Magical Staves
 G - an uncursed staff of fire {unknown}
Jewellery
 b - a +2 ring of protection (melded)
 j - a ring of protection from magic (melded)
Wands
 C - a wand of digging (10)
 I - a wand of disintegration (16)
Scrolls
 h - 5 scrolls of blinking {unknown}
 i - a scroll of noise {unknown}
 k - 2 scrolls of magic mapping {unknown}
 l - 3 scrolls of fear {unknown}
 m - 5 scrolls of remove curse
 o - a scroll of random uselessness {unknown}
 r - 7 scrolls of identify {@r1}
 u - 2 scrolls of enchant armour {unknown}
 v - 5 scrolls of teleportation {@r4}
 y - a scroll of immolation {unknown}
 J - 3 scrolls of holy word {unknown}
 K - a scroll of enchant weapon {unknown}
 L - a scroll of fog {unknown}
Potions
 e - 5 potions of heal wounds {@q2}
 f - 3 potions of brilliance {unknown}
 g - a potion of flight {unknown}
 n - 3 potions of poison {unknown}
 q - 18 potions of blood {@q4}
 s - 3 potions of curing {unknown}
 t - 2 potions of haste {unknown}
 w - a potion of lignification {unknown}
 z - a potion of cure mutation {unknown}
 D - a potion of cancellation {unknown}
 H - a potion of magic {unknown}
 M - a potion of might {unknown}
Books
 c - a book of Maledictions

   Spells                             Type                      Level
   a - Corona                         Hexes                        1
   b - Ensorcelled Hibernation        Hexes/Ice                    2
   c - Confuse                        Hexes                        3
   d - Tukima's Dance                 Hexes                        3
   e - Dazzling Spray                 Conjuration/Hexes            3
 B - a book of Beasts

   Spells                             Type                      Level
   a - Summon Butterflies             Summoning                    1
   b - Call Canine Familiar           Summoning                    3
   c - Summon Ice Beast               Ice/Summoning                4
   d - Summon Mana Viper              Hexes/Summoning              5
   e - Summon Hydra                   Summoning                    7

Dungeon Overview and Level Annotations

Branches:
Dungeon (8/15)             Temple (1/1) D:7
   Lair: D:8-11

Altars:
Ashenzari
Cheibriados
Dithmenos
Elyvilon
Fedhas
Gozag
Kikubaaqudgha
Makhleb
Nemelex Xobeh
Okawaru
Qazlal
Ru
Sif Muna
Trog
Xom
Yredelemnul
Zin
The Shining One

Shops:
D:4 * D:7

[ #.# #........#
#.# ########.# #.#
#.# #.# #.# #.#
####.####
###########.......#
#.%+...%%#.#####.#
#D)#.....#.# #.#
#b###†''##.# #.#
#.≈P%%...#.# #.#
#P≈≈..P..#.#####.#
#≈)P..%..#....)..#
#P≈......######>##
#PP≈.≈.≈.# #.##
######.#### #..#
#.####.# ##.#
#......# #.#


You could see a three-headed hydra.


Message History

Aim: a three-headed hydra (chance to defeat MR: 25%)
The three-headed hydra resists with almost no effort.
The three-headed hydra bites you but does no damage. x2
The three-headed hydra bites you!
* * * LOW HITPOINT WARNING * * *
Aiming: Ensorcelled Hibernation
Aim: a three-headed hydra (chance to defeat MR: 25%)
The three-headed hydra looks drowsy...
The helpless three-headed hydra fails to defend itself.
You bite the three-headed hydra, and draw its blood!
You feel better.
You feel slightly less thirsty.
You perforate the three-headed hydra like a sieve!!!
The three-headed hydra is almost dead.
The three-headed hydra completely misses you.
The three-headed hydra bites you.
* * * LOW HITPOINT WARNING * * *
The three-headed hydra bites you.
* * * LOW HITPOINT WARNING * * *
Aiming: Confuse
Aim: a three-headed hydra (almost dead, chance to defeat MR: 38%)
The three-headed hydra resists with some effort.
The three-headed hydra bites you.
* * * LOW HITPOINT WARNING * * *
The three-headed hydra completely misses you.
The three-headed hydra bites you but does no damage.
Use which ability? (? or * to list)
You turn into a vampire bat.
You feel less resistant to hostile enchantments.
The three-headed hydra misses you. The three-headed hydra bites you!
You die...

Action                   |  1- 3 |  4- 6 |  7- 9 | 10-12 || total
-------------------------+-------+-------+-------+-------++-------
Melee: Dagger            |   108 |   111 |   293 |    17 ||   529
 Cast: Corona            |     5 |       |       |       ||     5
       Ensorcelled Hiber |    20 |    18 |    60 |    19 ||   117
       Confuse           |       |     3 |    37 |     4 ||    44
 Abil: Bat Form          |     1 |       |     1 |     1 ||     3
       End Transformatio |     1 |       |     1 |       ||     2
  Use: Scroll            |       |     2 |       |       ||     2
       Potion            |       |       |     2 |     1 ||     3
 Stab: Sleeping          |    27 |    35 |    61 |    11 ||   134
       Distracted        |     1 |     1 |     1 |       ||     3
       Confused          |       |     2 |    20 |     1 ||    23

Vault maps used:
D:1:      dpeg_arrival_shrine
D:2:      grunt_temple_overflow_gold_and_silver, uniq_robin
D:3:      uniq_sigmund
D:4:      lemuel_upstairs_altar, yredelemnul_altar_generic,
          lemuel_blue_sif_altar, serial_shops, shop_statue, uniq_natasha
D:5:      elyvilon_altar_1, nicolae_overflow_crystal_walls,
          lemuel_coloured_pillars_altar, first_bread
D:6:      overflow_temple_1_default, hangedman_decor_opposing,
          uniq_blork_the_orc, uniq_eustachio
D:7:      minmay_temple_entry_trees, serial_shops, nicolae_shop_behind_doors,
          uniq_duvessa, uniq_prince_ribbit1
D:8:      grunt_temple_overflow_diamond, hangedman_ranch
Temple:   temple_island_7

Notes
Turn   | Place    | Note
--------------------------------------------------------------
     0 | D:1      | DanteCalvez the Vampire Enchanter began the quest for the Orb.
     0 | D:1      | Reached XP level 1. HP: 13/13 MP: 3/3
   260 | D:1      | Reached XP level 2. HP: 8/19 MP: 3/5
   282 | D:1      | Learned a level 2 spell: Ensorcelled Hibernation
   351 | D:1      | Reached skill level 5 in Stealth
   625 | D:1      | Reached skill level 5 in Hexes
   748 | D:2      | Noticed Robin
   762 | D:2      | Reached XP level 3. HP: 15/24 MP: 1/6
  1002 | D:2      | Found an opulent altar of Gozag.
  1002 | D:2      | Found a glowing silver altar of Zin.
  1156 | D:2      | Killed Robin
  1170 | D:2      | Learned a level 3 spell: Confuse
  1411 | D:2      | Reached XP level 4. HP: 26/30 MP: 4/7
  1492 | D:3      | Reached skill level 6 in Stealth
  1513 | D:3      | Noticed Sigmund
  1552 | D:3      | Killed Sigmund
  1552 | D:3      | Reached skill level 7 in Stealth
  1552 | D:3      | Reached skill level 3 in Spellcasting
  1552 | D:3      | Reached skill level 6 in Hexes
  1552 | D:3      | Reached XP level 5. HP: 35/35 MP: 2/9
  1699 | D:3      | Reached XP level 6. HP: 37/41 MP: 1/11
  2100 | D:3      | Reached skill level 7 in Hexes
  2515 | D:4      | Noticed Natasha
  2518 | D:4      | Killed Natasha
  2525 | D:4      | Noticed Natasha
  2532 | D:4      | Killed Natasha
  2746 | D:4      | Found Uwaezoit's General Store.
  2754 | D:4      | Bought a scroll of teleportation for 36 gold pieces
  2754 | D:4      | Bought a potion of heal wounds for 60 gold pieces
  2775 | D:4      | Found a basalt altar of Yredelemnul.
  2778 | D:4      | Noticed Natasha
  2784 | D:4      | Killed Natasha
  2844 | D:4      | Found a deep blue altar of Sif Muna.
  2933 | D:4      | Became a worshipper of Sif Muna the Loreminder
  3300 | D:5      | Entered Level 5 of the Dungeon
  3371 | D:5      | Reached skill level 8 in Stealth
  3371 | D:5      | Reached skill level 4 in Spellcasting
  3371 | D:5      | Reached XP level 7. HP: 46/46 MP: 11/13
  3405 | D:5      | Reached skill level 8 in Hexes
  3673 | D:5      | Found a sparkling altar of Nemelex Xobeh.
  3738 | D:5      | Found a white marble altar of Elyvilon.
  3886 | D:5      | Reached skill level 9 in Stealth
  4139 | D:5      | Found a blossoming altar of Fedhas.
  4184 | D:6      | Noticed Eustachio
  4207 | D:6      | Killed Eustachio
  4207 | D:6      | Reached * piety under Sif Muna
  4245 | D:6      | Reached skill level 5 in Spellcasting
  4264 | D:6      | Reached XP level 8. HP: 52/52 MP: 11/15
  4378 | D:6      | Reached skill level 9 in Hexes
  4473 | D:6      | Reached skill level 10 in Stealth
  4551 | D:6      | Found a shimmering altar of Xom.
  4554 | D:6      | Noticed Blork the orc
  5166 | D:6      | Killed Blork the orc
  5425 | D:7      | Found a staircase to the Ecumenical Temple.
  5436 | D:7      | Reached ** piety under Sif Muna
  5436 | D:7      | Reached skill level 11 in Stealth
  5436 | D:7      | Reached skill level 6 in Spellcasting
  5436 | D:7      | Reached skill level 10 in Hexes
  5476 | D:7      | Noticed Duvessa
  5476 | D:7      | Noticed Dowan
  5500 | Temple   | Entered the Ecumenical Temple
  5855 | D:7      | Killed Dowan
  5914 | D:7      | Killed Duvessa
  5914 | D:7      | Reached skill level 1 in Fighting
  6182 | D:7      | Reached skill level 2 in Short Blades
  6200 | D:7      | Reached XP level 9. HP: 18/59 MP: 1/18
  6369 | D:7      | Found Ybruh's Armour Shoppe.
  6413 | D:7      | Noticed Prince Ribbit
  6420 | D:7      | Killed Prince Ribbit
  6420 | D:7      | Reached skill level 2 in Fighting
  6541 | D:7      | Reached skill level 3 in Short Blades
  6548 | D:7      | Reached skill level 11 in Hexes
  6715 | D:8      | Reached skill level 3 in Fighting
  6715 | D:8      | Reached skill level 4 in Short Blades
  6715 | D:8      | Reached skill level 12 in Stealth
  7131 | D:8      | Noticed schorsch312's ghost (novice HOFi)
  7174 | D:8      | Killed schorsch312's ghost
  7174 | D:8      | Reached skill level 4 in Fighting
  7174 | D:8      | Reached skill level 5 in Short Blades
  7174 | D:8      | Reached XP level 10. HP: 21/71 MP: 11/19
  7675 | D:8      | Found a shattered altar of Ashenzari.
  7678 | D:8      | Found an iron altar of Okawaru.
  7684 | D:8      | Found a burning altar of Makhleb.
  7811 | D:8      | Reached skill level 12 in Hexes
  7832 | D:8      | Reached skill level 13 in Stealth
  7861 | D:8      | Noticed a three-headed hydra
  7868 | D:8      | HP: 7/73 [three-headed hydra (12)]
  7872 | D:8      | Mangled by a three-headed hydra

Vanquished Creatures
  The ghost of schorsch312 the Cleaver, a novice HOFi of Makhleb (D:8)
  Prince Ribbit (D:7)
  A two-headed ogre (D:8)
  Sigmund (D:3)
  A hippogriff (D:8)
  Eustachio (D:6)
  2 yaks (D:8)
  A hungry ghost (D:7)
  An orc warrior (D:7)
  Duvessa (D:7)
  2 ice beasts
  A sky beast (D:6)
  5 centaurs
  An ogre (D:7)
  4 big kobolds (D:8)
  Blork the orc (D:6)
  3 giant frogs (D:8)
  A scorpion (D:6)
  5 killer bees (D:7)
  Dowan (D:7)
  4 wights (D:7)
  An orc priest (D:3)
  6 crimson imps
  3 hounds
  A quasit (D:6)
  A jelly (D:7)
  6 orc wizards
  Natasha (thrice) (D:4)
  An iguana (D:7)
  2 sheep (D:8)
  3 worker ants
  2 hound zombies
  Robin (D:2)
  7 gnolls
  4 adders
  An adder zombie (D:5)
  2 adder skeletons (D:8)
  3 worms (D:3)
  7 giant geckos
  32 orcs
  10 bats
  5 giant cockroaches
  9 hobgoblins
  6 quokkas
  A ball python skeleton (D:5)
  A giant gecko skeleton (D:7)
  6 giant newts
  10 goblins
  12 jackals
  16 kobolds
  8 rats
209 creatures vanquished.
